 Dungeon Crawl Stone Soup version 0.31-a0-536-ga3e2962e35 (webtiles) character file.

Game seed: 3336316339118634425

9 BritishOli the Trooper (level 2, 24/24 HPs)
             Began as a Demonspawn Fighter on Aug 13, 2023.
             Got out of the dungeon alive.
             The game lasted 00:00:23 (255 turns).

BritishOli the Trooper (Demonspawn Fighter)          Turns: 255, Time: 00:00:23

Health: 24/24      AC:  6    Str: 16    XL:     2   Next: 6%
Magic:  2/2        EV:  8    Int: 11    God:
Gold:   11         SH:  4    Dex: 12    Spells: 1/1 levels left

rFire   . . .        a - +0 war axe
rCold   . . .        c - +0 buckler
rNeg    . . .        b - +0 scale mail
rPois   .            (no helmet)
rElec   .            (no cloak)
rCorr   .            (no gloves)
SInv    .            (no boots)
Will    .....        (no amulet) Stlth
                     (no ring)
HPRegen 0.24/turn    (no ring)
MPRegen 0.08/turn

%: no passive effects
@: no status effects
A: big brain 1
a: no special abilities


You escaped.
You visited 1 branch of the dungeon, and saw 1 of its levels.

You collected 11 gold pieces.

Inventory:

Hand Weapons
 a - a +0 war axe (weapon)
Armour
 b - a +0 scale mail (worn)
 c - a +0 buckler (worn)
Scrolls
 e - a scroll of teleportation {unknown}
 f - a scroll of identify {unknown}
Potions
 d - a potion of might
 g - 2 potions of degeneration {unknown}


   Skills:
 + Level 3.1 Fighting
 + Level 2.0 Axes
 + Level 2.8 Armour
 + Level 2.8 Shields


You had one spell level left.
You didn't know any spells.
Your spell library contained the following spells:

 Spells                   Type           Power      Damage    Failure   Level
 Poisonous Vapours        Pois/Air       0%         N/A       94%         2
 Mephitic Cloud           Conj/Pois/Air  0%         N/A       99%         3
 Freezing Cloud           Conj/Ice/Air   0%         6-21      100%        5


Dungeon Overview and Level Annotations

Branches:
Dungeon (1/15)

Altars:


Innate Abilities, Weirdness & Mutations

You have an unusually large brain. (Int +2)


Message History

No target in view!
No target in view!
Found a ring mail.
No target in view!
There is a stone staircase leading down here.
g - 2 bubbling blue potions (gained 1)
Found a short sword.
No target in view!
You see here a +0 short sword.
Found 5 poisoned darts.
No target in view!
Found a stone staircase leading down.
No target in view!
A kobold comes into view. It is wielding a +0 short sword.
The kobold shouts!
The kobold moves out of view.
No target in view!
A giant cockroach comes into view.
You completely miss the kobold. The kobold hits you but does no damage.
The kobold barely misses you.
There are monsters nearby!
You barely miss the kobold.
The kobold hits you with a +0 short sword.
You barely miss the kobold. The kobold hits you but does no damage.
There are monsters nearby!
You hit the giant cockroach.
You kill the giant cockroach!
You hit the kobold.
You kill the kobold!
Your Axes skill increases to level 2!
You have reached level 2!
Your demonic ancestry asserts itself...
Your brain expands.
Okay, then.
You see here a +0 short sword.
You see here a +0 ring mail.
There is a transporter here.
You enter the transporter and appear at another place.
There is a staircase leading out of the dungeon here.
You have escaped!

..≈≈≈≈~~.~≈≈≈#
...~≈≈~~...~~≈#
#.~≈≈≈~.©>©.~≈#
###.≈≈≈≈~~.⌠.~≈≈#
...~≈≈≈≈≈~~~≈≈≈#
#~≈≈≈≈≈≈≈≈≈≈≈≈#
#≈≈≈~~~~≈≈≈≈~##
#≈~~.⌠.~~≈≈≈≈#
#≈~.©@©.~≈≈≈~#
....≈~~...~≈≈≈≈##
....≈≈~~.~≈≈≈≈≈#
....≈≈≈.≈≈≈≈≈≈≈#
....~≈≈≈.≈≈≈≈≈##
###.#~~≈≈.~~~##
#.#####...## .
###.#


There were no monsters in sight!

Vanquished Creatures
  2 bats (D:1)
  3 giant cockroaches (D:1)
  A hobgoblin (D:1)
  A ball python (D:1)
  A frilled lizard (D:1)
  A kobold (D:1)
9 creatures vanquished.

Notes
Turn   | Place    | Note
-------+----------+-------------------------------------------
     0 | D:1      | BritishOli the Demonspawn Fighter began the quest for the
                  | Orb.
     0 | D:1      | Reached XP level 1. HP: 18/18 MP: 1/1
   165 | D:1      | Gained mutation: You have an unusually large brain. (Int
                  | +2) [demonic ancestry]
   165 | D:1      | Reached XP level 2. HP: 19/24 MP: 2/2
   255 | D:$      | Got out of the dungeon alive.

Illustrated notes

Levels and vault maps discovered:
D:1:      spicycebolla_arrival_transporter_tutorial, layout_basic,
          basic_ecumenical_altar

Skill      XL: |  1 |
---------------+----+-----
Axes           | 2 |  2.0
Fighting       | |  3.1
Armour         | |  2.8
Shields        | |  2.8

Action                     || total
---------------------------++-------
  Melee: War axe           ||    18
 Armour: Scale mail        ||    10
  Dodge: Dodged            ||     7
  Block: Buckler           ||     4

Table legend: (Time is in decaauts)
 A = Elapsed time spent in this place.
 B = Non-inter-level travel time spent in this place.
 C = Inter-level travel time spent in this place.
 D = Time resting spent in this place.
 E = Time spent auto-exploring this place.
 F = Levels seen in this place.
 G = Mean time per level.
                   A        B        C        D        E       F      G
               +--------+--------+--------+--------+--------+-----+--------+
         Total |    263 |    176 |     87 |      0 |    121 |   1 |  263.0 |
       Dungeon |    263 |    176 |     87 |      0 |    121 |   1 |  263.0 |
               +--------+--------+--------+--------+--------+-----+--------+

Top non-repeatable levels by time:
     D:1: 263 daAuts
